 Dungeon Crawl Stone Soup version 0.18.1-48-g4cf74bf (console) character file.

867 Cab the Cleaver (level 7, -4/61 HPs)
             Began as a Deep Dwarf Fighter on July 1, 2016.
             Slain by an ogre
             ... wielding a cursed -1 giant spiked club
              (27 damage)
             ... on level 4 of the Dungeon.
             The game lasted 00:19:40 (3173 turns).

Cab the Cleaver (Deep Dwarf Fighter)                Turns: 3173, Time: 00:19:40

Health: -4/61      AC:  7    Str: 22    XL:     7   Next: 73%
Magic:  6/6        EV:  7    Int:  8    God:
Gold:   189        SH:  9    Dex: 10    Spells: 0 memorised, 6 levels left

rFire  . . .     SeeInvis .     a - +1 war axe
rCold  . . .     Gourm    .     b - +1 scale mail
rNeg   . . .     Faith    .     c - +0 shield
rPois  .         Spirit   .     (helmet restricted)
rElec  .         Dismiss  .     (no cloak)
rCorr  .         Reflect  .     (no gloves)
SustAt .         Harm     .     (no boots)
MR     +....                    (no amulet)
Stlth  ..........               (no ring)
                                (no ring)

@: non-regenerating, somewhat resistant to hostile enchantments, extremely
unstealthy
A: damage resistance, recharge devices, antennae 1, clumsy 1, high mp 1, sense
surroundings 1, slow regeneration 3
a: Device Recharging


You were on level 4 of the Dungeon.
You were not hungry.

You visited 1 branch of the dungeon, and saw 4 of its levels.
You also visited: Ossuary.

You collected 189 gold pieces.

Inventory:

Hand Weapons
 a - a +1 war axe (weapon)
Armour
 b - a +1 scale mail (worn)
 c - a +0 shield (worn)
Jewellery
 d - an uncursed amulet of the gourmand {unknown}
Wands
 e - a wand of heal wounds (4/9)
 h - a wand of random effects (13/48)
Scrolls
 g - a scroll of magic mapping {unknown}
 m - 8 scrolls of identify
 n - a scroll of remove curse
 o - a scroll of teleportation
 w - a scroll of noise {unknown}
Potions
 i - a potion of cure mutation {unknown}
 j - a potion of cancellation {unknown}
 k - 8 potions of degeneration {unknown}
 l - 3 potions of flight
 q - 2 potions of curing
 r - a potion of magic {unknown}
 s - 3 potions of heal wounds {unknown}
 t - 3 potions of resistance {unknown}
 u - a potion of berserk rage {unknown}
 v - a potion of ambrosia {unknown}
 x - a potion of haste {unknown}
Comestibles
 f - 2 bread rations
 p - a meat ration
 A - a beef jerky


   Skills:
 - Level 2.6 Fighting
 + Level 9.8 Axes
 - Level 3.2 Armour
 - Level 3.2 Shields


You had 6 spell levels left.
You didn't know any spells.

Dungeon Overview and Level Annotations

Branches:
Dungeon (4/15)
 Temple: D:4-7

Altars:
Elyvilon
Makhleb
Okawaru


Innate Abilities, Weirdness & Mutations

You are resistant to damage.
You can recharge devices by infusing magical energy.
You passively map a small area around you.
You do not regenerate naturally.
You have a pair of small antennae on your head.
You are clumsy. (Dex -2)
You have an increased reservoir of magic (+10% MP).


Message History

Evoking this partially-identified wand wasted a few charges.
Evoke which item? (* to show all) (? for menu, Esc to quit)
Zapping:
h - a wand of random effects {zapped: 7} (will waste charges)
Press: ? - help, Shift-Dir - straight line, f/p - ogre
Aim: an ogre, wielding a giant spiked club (severely wounded, lightly drained)
The ogre is charmed.
Evoking this partially-identified wand wasted a few charges.
Your ogre seems less drained.
The ogre is no longer charmed.
The ogre is too close now for your liking.
You hit the ogre.
The ogre is severely wounded.
The ogre hits you with a giant spiked club!!
You barely miss the ogre.
The ogre is severely wounded.
You block the ogre's attack.
You hit the ogre.
The ogre is severely wounded.
The ogre hits you with a giant spiked club!!
You die...

▒∙∙ ▒∙∙∙∙▒▒ ▒▒∙∙▒▒
▒▒∙∙∙∙▒▒▒▒▒ ▒∙∙∙∙▒
▒∙∙∙∙∙∙∙∙∙▒▒
▒∙∙∙∙▒▒▒∙∙∙▒▒▒▒▒∙∙▒
▒∙∙∙∙∙▒∙∙∙▒▒▒ ▒▒∙▒
▒∙∙∙∙∙∙∙∙▒∙▒▒▒▒▒∙▒
▒▒▒∙▒▒▒▒∙▒∙∙∙∙∙∙∙▒
▒∙∙▒▒▒▒▒∙▒▒▒▒▒∙▒
▒>∙@O∙∙∙∙▒▒▒ ▒∙▒ ▒
▒∙▒▒▒▒▒▒∙▒∙▒▒▒∙▒
▒▒▒∙ ▒%▒ ▒∙∙∙∙∙∙∙▒
∙∙∙▒▒▒▒▒▒∙▒▒
▒∙▒∙▒▒▒▒▒ ░
▒∙∙▒▒∙∙∙∙▒▒ ░▒▒▒▒▒
▒∙∙∙∙∙▒∙∙▒ ·░ ▒▒▒
▒∙∙▒▒▒∙∙∙∙∙∙ ▒∙▒▒
▒∙∙▒∙∙∙∙∙▒▒∙∙ ▒▒∙▒
▒∙∙∙∙∙∙∙∙▒ ░∙∙


You could see an ogre.

Vanquished Creatures
  Sigmund (D:3)
  Purgy (D:3)
  A centaur (D:3)
  3 centaur zombies (Ossuary)
  A hound (D:3)
  A centaur skeleton (D:4)
  Ijyb (D:3)
  An iguana (D:4)
  2 worker ants (D:4)
  A big kobold zombie (Ossuary)
  3 mummies (Ossuary)
  Robin (D:3)
  10 adders
  An ooze (D:2)
  A worm (D:3)
  5 dart slugs
  3 giant geckos
  6 orcs (D:3)
  3 giant cockroaches
  2 gnoll zombies (Ossuary)
  13 goblins
  11 hobgoblins
  A quokka (D:3)
  7 ball pythons (D:2)
  8 bats
  A hobgoblin zombie (Ossuary)
  10 kobolds
  A kobold zombie (Ossuary)
  11 rats
111 creatures vanquished.

Vanquished Creatures (others)
  A fungus (D:2)
1 creature vanquished.

Grand Total: 112 creatures vanquished

Notes
Turn   | Place    | Note
--------------------------------------------------------------
     0 | D:1      | Cab the Deep Dwarf Fighter began the quest for the Orb.
     0 | D:1      | Reached XP level 1. HP: 20/20 MP: 1/1
    45 | D:1      | Reached skill level 3 in Axes
    45 | D:1      | Reached XP level 2. HP: 27/27 MP: 2/2
   566 | D:1      | Reached XP level 3. HP: 23/33 MP: 3/3
   757 | D:2      | Reached skill level 4 in Axes
   758 | D:2      | Gained mutation: You have an increased reservoir of magic (+10% MP). [potion of mutation]
   758 | D:2      | Gained mutation: You have a pair of small antennae on your head. [potion of mutation]
   758 | D:2      | Gained mutation: You are clumsy. (Dex -2) [potion of mutation]
   775 | D:2      | Found an iron altar of Okawaru.
   775 | D:2      | Found a burning altar of Makhleb.
   926 | D:2      | Reached XP level 4. HP: 23/40 MP: 4/4
   978 | D:2      | Reached skill level 5 in Axes
  1530 | D:3      | Reached XP level 5. HP: 37/46 MP: 5/5
  1621 | D:3      | Reached skill level 6 in Axes
  1627 | D:3      | Found a white marble altar of Elyvilon.
  1671 | D:3      | Noticed Ijyb
  1685 | D:3      | Killed Ijyb
  1737 | D:3      | Noticed Sigmund
  1739 | D:3      | Noticed Purgy
  1776 | D:3      | Noticed Robin
  1797 | D:3      | Killed Purgy
  1797 | D:3      | Reached skill level 7 in Axes
  1797 | D:3      | Reached XP level 6. HP: 20/55 MP: 6/6
  1818 | D:3      | Killed Sigmund
  1818 | D:3      | Reached skill level 8 in Axes
  1828 | D:3      | Killed Robin
  1949 | D:3      | Reached XP level 7. HP: 30/61 MP: 7/7
  2017 | D:3      | Found an iron altar of Okawaru.
  2359 | D:4      | Found a sand-covered staircase.
  2438 | Ossuary  | Entered an ossuary
  2459 | Ossuary  | Reached skill level 9 in Axes
  3173 | D:4      | Slain by an ogre

Skill      XL: |  1  2  3  4  5  6  7 |
---------------+----------------------+-----
Axes           | 3 4 5 7 8 9 |  9.8
Fighting       | |  2.6
Armour         | |  3.2
Shields        | |  3.2

Action                   |  1- 3 |  4- 6 |  7- 9 || total
-------------------------+-------+-------+-------++-------
Melee: War axe           |    68 |   176 |   102 ||   346
 Abil: Device Recharging |       |       |     1 ||     1
Evoke: Wand              |       |     7 |     4 ||    11
  Use: Potion            |     2 |     1 |       ||     3
       Scroll            |       |     7 |     4 ||    11
  Eat: Chunk             |       |     4 |     2 ||     6
       Beef jerky        |       |       |     1 ||     1
Armor: Scale mail        |    36 |    83 |    23 ||   142
Dodge: Dodged            |    26 |    45 |    15 ||    86
Block: Shield            |    51 |    94 |    35 ||   180
